 Dungeon Crawl Stone Soup version 0.29.1-2-gbd0b4ee654 (console) character file.

Game seed: 8791955546822356025

51 om the Trooper (level 3, -2/30 HPs)
             Began as a Merfolk Abyssal Knight on Nov 2, 2022.
             Was a Priest of Lugonu.
             Slain by an adder (3 damage)
             ... on level 1 of the Dungeon.
             The game lasted 00:01:42 (1545 turns).

om the Trooper (Merfolk Abyssal Knight)             Turns: 1545, Time: 00:01:42

Health: -2/30      AC:  3    Str: 15    XL:     3   Next: 81%
Magic:  4/4        EV: 12    Int:  9    God:    Lugonu [***...]
Gold:   98         SH:  0    Dex: 14    Spells: 2/2 levels left

rFire   . . .      SeeInvis .   f - +0 spear (vamp)
rCold   . . .      Faith    .   (no shield)
rNeg    . . .      Spirit   .   b - +0 leather armour
rPois   .          Reflect  .   (no helmet)
rElec   .          Harm     .   (no cloak)
rCorr   .          Rampage  .   (no gloves)
Will    .....                   (no boots)
Stlth   +.........              (no amulet)
HPRegen 0.10/turn               (no ring)
MPRegen 0.09/turn               (no ring)

@: lethally poisoned (-2 -> -11), flying
A: (nimble swimmer 2), mertail
a: Renounce Religion, Depart the Abyss, Bend Space, Banish


You were on level 1 of the Dungeon.
You worshipped Lugonu.
Lugonu was most pleased with you.
You visited 1 branch of the dungeon, and saw 2 of its levels.
You visited the Abyss 1 time.

You collected 98 gold pieces.

Inventory:

Hand Weapons
 a - a +1 spear
 f - a +0 vampiric spear (weapon)
Armour
 b - a +0 leather armour (worn)
Scrolls
 c - a scroll of poison {unknown}
 e - a scroll of enchant armour {unknown}


   Skills:
 + Level 3.6 Fighting
 + Level 3.4 Polearms
 + Level 1.2 Armour
 + Level 3.3 Dodging
 + Level 2.5 Invocations


You had 2 spell levels left.
You didn't know any spells.
Your spell library was empty.

Dungeon Overview and Level Annotations

Branches:
Dungeon (2/15)

Altars:


Innate Abilities, Weirdness & Mutations

((You are very nimble when in or above water. (Stealth+, EV+, Speed+++)))
Your lower body shifts to a powerful aquatic tail in water.


Message History

The adder closely misses you. The adder barely misses you.
You miss the adder.
The adder is severely wounded.
The adder bites you but does no damage.
You hit the adder.
The adder is almost dead.
The adder bites you.
You miss the adder.
The adder is almost dead.
The adder misses you.
You barely miss the adder.
The adder is almost dead.
The adder bites you.
You miss the adder.
The adder is almost dead.
The adder bites you.
You barely miss the adder.
The adder is almost dead.
The adder barely misses you. The adder bites you but does no damage.
You closely miss the adder.
The adder is almost dead.
The adder bites you.
You are poisoned.
The adder poisons you!
You miss the adder.
The adder is almost dead.
You feel sick. The adder barely misses you.
You barely miss the adder.
The adder is almost dead.
You feel sick. The adder bites you.
* * * LOW HITPOINT WARNING * * *
You are more poisoned.
The adder poisons you!
It was a potion of flight.
You feel very buoyant.
You fly up into the air.
* * * LOW HITPOINT WARNING * * *
You feel very sick. The adder bites you.
You die...

######## #..)...# ##
#.####.##########.
###@##.............#
#...S....##########.
#.#.##...# ##
#.#......#
#.##..#.## #.##....#
#####
#.##.##.####...###
#.......##.......#
####.#####.......###
#.# #........... #.#
#...........


You could see an adder.

Vanquished Creatures
  3 dart slugs (D:1)
  9 bats (D:1)
  3 endoplasms (D:1)
  6 giant cockroaches (D:1)
  3 goblins (D:1)
  4 hobgoblins (D:1)
  4 jackals (D:1)
  A quokka (D:1)
  A ball python (D:1)
  2 frilled lizards (D:1)
  A kobold (D:1)
  2 rats (D:1)
39 creatures vanquished.

Notes
Turn   | Place    | Note
-------+----------+-------------------------------------------
     0 | Abyss:1  | om the Merfolk Abyssal Knight began the quest for the Orb.
     0 | Abyss:1  | Reached XP level 1. HP: 18/18 MP: 2/2
     1 | D:1      | Escaped the Abyss
   184 | D:1      | Reached XP level 2. HP: 15/24 MP: 3/3
   584 | D:1      | Reached skill level 1 in Armour
   704 | D:1      | Reached XP level 3. HP: 21/29 MP: 4/4
  1057 | D:1      | Reached *** piety under Lugonu
  1545 | D:1      | HP: 1/30 [poisoned by an adder]
  1545 | D:1      | Slain by an adder

Illustrated notes

Levels and vault maps discovered:
D:1:      dpeg_arrival_rooms_c, layout_loops_cross,
          ebering_dispersal_statue_hall, minmay_worlds_worst_comb
D:2:      layout_loops_cross, basic_altar, serial_undead, serial_undead_f,
          serial_undead_e, serial_undead_d, serial_undead_d, serial_undead_e,
          serial_undead_a, serial_undead_f, serial_undead_d,
          dreamdust_ecumenical_altar_grove, kennysheep_generic_room_7

Skill      XL: |  1  2 |
---------------+-------+-----
Polearms       | 3 |  3.4
Dodging        | 3 |  3.3
Armour         | 1 |  1.2
Fighting       | |  3.6
Invocations    | |  2.5

Action                   || total
-------------------------++-------
Melee: Spear             ||   167
       Punch             ||     1
  Use: Potion            ||     1
 Stab: Sleeping          ||     2
Armor: Leather armour    ||    47
Dodge: Dodged            ||    86
